 Dungeon Crawl Stone Soup version 0.23-a0-143-g1adec7b (webtiles) character file.

29 GroovyGamera the Bolt Thrower (level 3, 0/25 HPs)
             Began as a Halfling Hunter on Sept 5, 2018.
             Succumbed to an adder's poison
             ... on level 2 of the Dungeon.
             The game lasted 00:04:48 (827 turns).

GroovyGamera the Bolt Thrower (Halfling Hunter)      Turns: 827, Time: 00:04:48

Health: 0/25       AC:  5    Str: 13    XL:     3   Next: 32%
Magic:  3/3        EV: 13    Int:  9    God:
Gold:   102        SH:  0    Dex: 15    Spells: 2/2 levels left

rFire    . . .     SeeInvis .   i - -3 hand axe (curse)
rCold    . . .     Gourm    .   (shield restricted)
rNeg     . . .     Faith    .   e - +0 ring mail
rPois    .         Spirit   .   (no helmet)
rElec    .         Reflect  .   (no cloak)
rCorr    .         Harm     .   (no gloves)
MR       .....                  (no boots)
Stlth    +.........             (no amulet)
HPRegen  0.08/turn              (no ring)
MPRegen  0.08/turn              (no ring)

@: lethally poisoned (0 -> -3)
A: small, mutation resistance 1
a: no special abilities


You were on level 2 of the Dungeon.
You were not hungry.

You visited 1 branch of the dungeon, and saw 2 of its levels.

You collected 102 gold pieces.

Inventory:

Hand Weapons
 a - a +1 hand crossbow
 i - a cursed -3 hand axe (weapon)
Missiles
 c - 7 poisoned needles
 d - 16 bolts
 h - 34 sling bullets
Armour
 e - a +0 ring mail (worn)
Scrolls
 l - a scroll of fog {unknown}
Potions
 b - a potion of lignification {unknown}
 j - a potion of brilliance
 k - a potion of haste {unknown}
Comestibles
 f - 3 rations
 g - 3 chunks of flesh


   Skills:
 + Level 2.3 Fighting
 + Level 4.8 Crossbows
 + Level 1.3 Armour
 - Level 2.1 Dodging
 - Level 1.1 Stealth


You had 2 spell levels left.
You didn't know any spells.
Your spell library was empty.

Dungeon Overview and Level Annotations

Branches:
Dungeon (2/15)

Altars:


Innate Abilities, Weirdness & Mutations

You are small and have problems with some larger weapons.
You are somewhat resistant to further mutation.


Message History

You barely miss the adder.
The adder is heavily wounded.
The adder bites you.
* * * LOW HITPOINT WARNING * * *
You are poisoned.
The adder poisons you! The adder misses you.
You hit the adder but do no damage.
The adder is heavily wounded.
You feel sick. The adder closely misses you. The adder bites you.
* * * LOW HITPOINT WARNING * * *
You hit the adder.
The adder is heavily wounded.
The adder closely misses you.
You closely miss the adder.
The adder is heavily wounded.
The adder bites you but does no damage. The adder bites you.
* * * LOW HITPOINT WARNING * * *
You hit the adder.
The adder is severely wounded.
You die...

#######.##########
#..........#
##########.# #.#
#.# #.# #.# #>#
#@# #S# #h# ?#. #
#


You could see an adder and a jackal.

Vanquished Creatures
  An ooze (D:2)
  3 giant cockroaches
  A goblin (D:1)
  3 hobgoblins
  3 jackals (D:2)
  3 bats (D:1)
  5 frilled lizards (D:1)
  5 kobolds
24 creatures vanquished.

Notes
Turn   | Place    | Note
-------+----------+-------------------------------------------
     0 | D:1      | GroovyGamera the Halfling Hunter began the quest for the
                  | Orb.
     0 | D:1      | Reached XP level 1. HP: 14/14 MP: 1/1
   244 | D:1      | Reached XP level 2. HP: 19/19 MP: 2/2
   442 | D:1      | Reached skill level 1 in Armour
   620 | D:2      | Reached XP level 3. HP: 23/24 MP: 3/3
   826 | D:2      | HP: 1/25 [adder (4)]
   827 | D:2      | Succumbed to an adder's poison

Vault maps used:
D:1:      co_arrival_random_square_maze
D:2:      kennysheep_small_spiral, uniq_crazy_yiuf_cottage

Skill      XL: |  1  2 |
---------------+-------+-----
Fighting       | 2 |  2.3
Armour         | 1 |  1.3
Crossbows      | |  4.8
Dodging        | |  2.1
Stealth        | |  1.1

Action                   || total
-------------------------++-------
Melee: Hand axe          ||    75
 Fire: Hand crossbow     ||    45
  Use: Scroll            ||     1
Armor: Leather armour    ||     2
       Ring mail         ||    25
Dodge: Dodged            ||    70

Table legend:
 A = Non-vault XP
 B = Vault XP
 C = Vault XP percentage of total XP
 D = Non-vault monster count
 E = Vault monster count
 F = Vault count percentage of total count
                 A         B        C        D         E       F
            +---------+---------+-------+---------+---------+-------
      Total |      42 |       0 |   0.0 |      24 |       0 |   0.0
            +---------+---------+-------+---------+---------+-------
        D:1 |      24 |       0 |   0.0 |      17 |       0 |   0.0
        D:2 |      18 |       0 |   0.0 |       7 |       0 |   0.0
            +---------+---------+-------+---------+---------+-------
